 Dungeon Crawl Stone Soup version 0.28-a0-1629-gf728b707aa (webtiles) character file.

Game seed: 18093673460403726907

2510 oldriver the Tainter (level 9, -7/81 HPs)
             Began as a Naga Venom Mage on Jan 24, 2022.
             Was an Initiate of Gozag.
             Mangled by a two-headed ogre (11 damage)
             ... on level 8 of the Dungeon.
             The game lasted 00:15:52 (12089 turns).

oldriver the Tainter (Naga Venom Mage)             Turns: 12089, Time: 00:15:53

Health: -7/81      AC:  9    Str: 10      XL:     9   Next: 53%
Magic:  15/16      EV: 14    Int: 21 (22) God:    Gozag
Gold:   747        SH:  0    Dex: 12      Spells: 6/18 levels left

rFire   . . .      SeeInvis +   i - +2 short sword (speed)
rCold   . . .      Faith    .   (no shield)
rNeg    . . .      Spirit   .   a - +0 robe
rPois   +          Reflect  .   q - +1 helmet
rElec   .          Harm     .   (no cloak)
rCorr   .          Rampage  .   n - +0 pair of gloves
Will    +....                   (no barding)
Stlth   +++.......              v - amulet of magic regeneration
HPRegen 0.23/turn               e - +4 ring of evasion
MPRegen 0.55/turn               w - ring of flight

@: short of breath, flying, very slow
A: AC +3, large, see invisible, deformed body, poison resistance, slowness 2,
spit poison 1, naga tail 1, iridescent scales 1, clever 1
a: Spit Poison, Renounce Religion, Potion Petition, Call Merchant, Bribe Branch


You were on level 8 of the Dungeon.
You worshipped Gozag.
Gozag was pleased with you.
You visited 2 branches of the dungeon, and saw 9 of its levels.

You collected 814 gold pieces.
You spent 30 gold pieces at shops.
You paid 37 gold pieces to Gozag.

Inventory:

Hand Weapons
 i - a +2 short sword of speed (weapon)
Missiles
 g - 12 poisoned darts
Armour
 a - a +0 robe (worn)
 n - a +0 pair of gloves (worn)
 q - a +1 helmet (worn)
Jewellery
 e - a +4 ring of evasion (left hand)
 v - an amulet of magic regeneration (around neck)
 w - a ring of flight (right hand)
Wands
 k - a wand of polymorph (17)
 o - a wand of flame (26)
 s - a wand of iceblast (12)
 u - a wand of charming (11)
 x - a wand of digging (4)
Scrolls
 b - 2 scrolls of magic mapping
 f - 2 scrolls of fear
 j - 3 scrolls of teleportation
 y - a scroll of fog
Potions
 c - 2 potions of lignification
 h - a potion of mutation
 m - a potion of haste {unknown}
 p - a potion of curing
 r - a potion of invisibility {unknown}
 t - a potion of attraction {unknown}


   Skills:
 - Level 5.0 Fighting
 - Level 3.0 Dodging
 - Level 7.0 Stealth
 - Level 5.0 Spellcasting
 - Level 4.0 Conjurations
 - Level 1.0 Transmutations
 - Level 4.0 Air Magic
 + Level 9.6 Poison Magic


You had 6 spell levels left.
You knew the following spells:

 Your Spells              Type           Power      Damage    Failure   Level
a - Sting                 Tmut/Pois      100%       1d8       1%          1
b - Poisonous Vapours     Pois/Air       66%        N/A       1%          2
c - Mephitic Cloud        Conj/Pois/Air  29%        N/A       3%          3
d - Static Discharge      Conj/Air       22%        N/A       3%          2
o - Olgreb's Toxic Radia  Pois           45%        N/A       1%          4

Your spell library contained the following spells:

 Spells                   Type           Power      Damage    Failure   Level
 Apportation              Tloc           10%        N/A       11%         1
 Gell's Gravitas          Tloc           5%         N/A       32%         3
 Lesser Beckoning         Tloc           5%         N/A       32%         3
 Teleport Other           Tloc           5%         N/A       32%         3
 Alistair's Intoxication  Tmut/Pois      18%        N/A       34%         5
 Lightning Bolt           Conj/Air       11%        1d24      50%         5
 Maxwell's Capacitive Co  Air            11%        ∞         100%        8


Dungeon Overview and Level Annotations

Branches:
Dungeon (8/15)             Temple (1/1) D:4
   Lair: D:8-11

Altars:
Ashenzari
Cheibriados
Dithmenos
Elyvilon
Fedhas
Gozag
Kikubaaqudgha
Makhleb
Nemelex Xobeh
Okawaru
Qazlal
Ru
Sif Muna
Trog
Uskayaw
Vehumet
Wu Jian
Xom
Yredelemnul
The Shining One

Shops:
D:3 *   D:4 *   D:7 !


Innate Abilities, Weirdness & Mutations

Your serpentine skin is tough. (AC +3)
You have supernaturally acute eyesight. (SInv)
Armour fits poorly on your strangely shaped body.
Your system is resistant to poisons. (rPois)
You cover ground very slowly.
You can spit poison.
You have a snake-like lower body.
You are partially covered in iridescent scales. (AC +2)
Your mind is acute. (Int +2)


Message History

The two-headed ogre is moderately wounded.
The two-headed ogre barely misses you. The two-headed ogre misses you.
The sting hits the two-headed ogre.
The two-headed ogre looks as sick as possible!
The two-headed ogre is heavily wounded.
The two-headed ogre hits you with a +0 giant club.
The two-headed ogre misses you. The two-headed ogre misses you.
The two-headed ogre hits you with a +0 dire flail.
Aiming: Spit Poison (1% risk of failure)
Press: ? - help, Shift-Dir - straight line, f/p - two-headed ogre
Aim: a two-headed ogre, wielding a +0 giant club and a +0 dire flail (severely wounded, very poisoned, 83% to hit)
The splash of poison hits the two-headed ogre but does no damage.
The two-headed ogre is severely wounded.
The two-headed ogre closely misses you.
The two-headed ogre hits you with a +0 dire flail!
You are too injured to fight recklessly!
Casting: Sting (safe; 1% risk of failure)
Confirm with . or Enter, or press ? or * to list all spells.
Aiming: Sting (safe; 1% risk of failure)
Press: ? - help, Shift-Dir - straight line, f/p - two-headed ogre
Aim: a two-headed ogre, wielding a +0 giant club and a +0 dire flail (severely wounded, very poisoned, 89% to hit)
The sting hits the two-headed ogre!
The two-headed ogre looks even sicker.
The two-headed ogre is severely wounded.
The two-headed ogre barely misses you.
The two-headed ogre hits you with a +0 dire flail!
* * * LOW HITPOINT WARNING * * *
Casting: Sting (safe; 1% risk of failure)
Confirm with . or Enter, or press ? or * to list all spells.
Aiming: Sting (safe; 1% risk of failure)
Press: ? - help, Shift-Dir - straight line, f/p - two-headed ogre
Aim: a two-headed ogre, wielding a +0 giant club and a +0 dire flail (severely wounded, very poisoned, 89% to hit)
The sting hits the two-headed ogre.
The two-headed ogre looks as sick as possible!
The two-headed ogre is almost dead.
The two-headed ogre hits you with a +0 giant club!
* * * LOW HITPOINT WARNING * * *
The two-headed ogre hits you with a +0 dire flail!
You die...
Your body crumbles into a pile of gold.

########### #.........#
#.#######.#####
#########.##..?........
#####.......<.##.###...###.
#........O@....#.#.......#.
#######............#.#.........#.
.................................
...!.$#......##########.......###
...!..######## #.......# ......
#.......# ...... #.......# ......
#.......# ...... #.......#


You could see a two-headed ogre (extremely poisoned).

Vanquished Creatures
  Sigmund (D:6)
  Menkaure (D:7)
  2 black bears
  2 necrophages
  2 ogres
  An orc warrior (D:8)
  2 sky beasts
  A centaur (D:7)
  2 bullfrogs (D:7)
  2 scorpions (D:4)
  A wyvern zombie (D:8)
  A gnoll sergeant (D:6)
  2 water moccasin skeletons
  A centaur zombie (D:7)
  2 jellies (D:6)
  4 hounds
  3 orc priests
  2 iguanas (D:7)
  7 orc wizards
  A scorpion zombie (D:5)
  3 killer bee zombies
  A hound skeleton (D:5)
  2 howler monkey skeletons (D:6)
  7 gnolls
  9 adders
  A white imp (D:6)
  2 worms
  3 dart slugs
  22 orcs
  4 ball pythons
  8 endoplasms
  3 giant cockroaches
  3 hobgoblins (D:3)
  6 jackals
  4 quokkas
  8 bats
  2 goblins (D:4)
  5 kobolds
  3 rats
136 creatures vanquished.

Vanquished Creatures (others)
  2 plants (D:5)
2 creatures vanquished.

Grand Total: 138 creatures vanquished

Notes
Turn   | Place    | Note
-------+----------+-------------------------------------------
     0 | D:1      | oldriver the Naga Venom Mage began the quest for the Orb.
     0 | D:1      | Reached XP level 1. HP: 15/15 MP: 3/3
   229 | D:1      | Found a faded altar of an unknown god.
   423 | D:1      | Reached XP level 2. HP: 24/24 MP: 5/5
  1531 | D:2      | Reached XP level 3. HP: 30/30 MP: 2/6
  1770 | D:2      | Reached skill level 1 in Fighting
  1944 | D:3      | Found Qusascheo's General Store.
  1952 | D:3      | Learned a level 2 spell: Poisonous Vapours
  1956 | D:3      | Learned a level 3 spell: Mephitic Cloud
  3210 | D:3      | Reached XP level 4. HP: 23/38 MP: 0/7
  3373 | D:3      | Reached skill level 1 in Air Magic
  3752 | D:4      | Reached XP level 5. HP: 35/44 MP: 2/8
  3763 | D:4      | Reached skill level 1 in Conjurations
  3850 | D:4      | Reached skill level 5 in Poison Magic
  3970 | D:4      | Reached XP level 6. HP: 46/52 MP: 5/10
  4368 | D:4      | Found a staircase to the Ecumenical Temple.
  4384 | Temple   | Entered the Ecumenical Temple
  4568 | Temple   | Became a worshipper of Gozag Ym Sagoz the Greedy
  4879 | D:4      | Reached skill level 5 in Stealth
  5108 | D:4      | Learned a level 2 spell: Static Discharge
  5111 | D:4      | Noticed a sky beast
  5120 | D:4      | Killed a sky beast
  5121 | D:4      | Reached XP level 7. HP: 61/61 MP: 4/11
  5344 | D:4      | Found Folar's General Store.
  5350 | D:4      | Bought a scroll of teleportation for 30 gold pieces
  5941 | D:5      | Entered Level 5 of the Dungeon
  7583 | D:6      | Reached skill level 6 in Poison Magic
  7665 | D:6      | Reached XP level 8. HP: 64/69 MP: 4/13
  8675 | D:6      | Noticed Sigmund
  8691 | D:6      | Gained mutation: You are partially covered in iridescent
                  | scales. (AC +2) [potion of mutation]
  8691 | D:6      | Gained mutation: Your mind is acute. (Int +2) [potion of
                  | mutation]
  8708 | D:6      | Killed Sigmund
  8999 | D:6      | Learned a level 4 spell: Olgreb's Toxic Radiance
  9488 | D:6      | Reached skill level 7 in Poison Magic
  9572 | D:7      | Noticed Menkaure
  9580 | D:7      | Killed Menkaure
  9816 | D:7      | Reached XP level 9. HP: 70/79 MP: 12/16
 10081 | D:7      | Found Poxumoed's Distillery.
 10237 | D:7      | Reached skill level 5 in Spellcasting
 10371 | D:7      | Reached skill level 5 in Fighting
 10378 | D:7      | Reached skill level 8 in Poison Magic
 10984 | D:7      | Found a broken altar of Ashenzari.
 10984 | D:7      | Found a burning altar of Makhleb.
 11510 | D:7      | Reached skill level 9 in Poison Magic
 11669 | D:8      | Noticed a two-headed ogre
 12089 | D:8      | HP: 4/81 [two-headed ogre (8)]
 12089 | D:8      | Mangled by a two-headed ogre

Illustrated notes

Levels and vault maps discovered:
D:1:      heliophobic_arrival_enchanted_forest, layout_loops_ring,
          serial_rivers, chequers_serial_rivers_large_a,
          chequers_serial_rivers_room_b, chequers_serial_rivers_micro_d,
          chequers_serial_rivers_room_a, chequers_serial_rivers_small_3,
          chequers_serial_rivers_marsh, ebering_ecumenical_altar_sacrificial
D:2:      layout_loops_ring
D:3:      layout_loops_corners, serial_shops, nicolae_shop_hallway_plus,
          corexii_item_surrounded_by_moat, grunt_ministairs_1,
          amcnicky_mini_corridor_feature
D:4:      layout_loops_ring, temple_green, serial_shops,
          nicolae_shop_statue_plus
D:5:      layout_basic, corner_web_ring, hangedman_decor_lopped,
          serial_bayou_lagoon_b
D:6:      layout_gridville, st_stairs_3, uniq_sigmund
D:7:      layout_basic, amethyst_overflow_temple_binary, serial_shops, shop,
          grunt_ministairs_11, uniq_menkaure
D:8:      layout_basic, mainiacjoe_overflow_swirl, gammafunk_ghost_stat_death,
          nrook_mini_vaults, minmay_shattered_shrine
Temple:   eino_narrow_crystal_temple

Skill      XL: |  1  2  3  4  5  6  7  8  9 |
---------------+----------------------------+-----
Fighting       | 1 2 3 4 5 |  5.0
Dodging        | 2 3 |  3.0
Stealth        | 4 5 7 |  7.0
Air Magic      | 1 2 3 4 |  4.0
Conjurations   | 1 2 3 4 |  4.0
Poison Magic   | 5 6 7 9 |  9.6
Spellcasting   | 3 4 5 |  5.0
Transmutations | |  1.0

Action                   |  1- 3 |  4- 6 |  7- 9 || total
-------------------------+-------+-------+-------++-------
Melee: Unarmed           |     5 |       |       ||     5
       Short sword       |    10 |    27 |    59 ||    96
 Cast: Sting             |    56 |    69 |   172 ||   297
       Poisonous Vapours |     9 |     4 |    43 ||    56
       Static Discharge  |       |       |    39 ||    39
 Abil: Spit Poison       |    22 |    12 |    17 ||    51
  Use: Potion            |     1 |       |     6 ||     7
       Scroll            |       |       |     9 ||     9
 Stab: Sleeping          |       |       |     1 ||     1
Armor: Robe              |     7 |     8 |    50 ||    65
       Skin              |       |       |    10 ||    10
Dodge: Dodged            |    31 |    44 |   151 ||   226

Table legend: (Time is in decaauts)
 A = Elapsed time spent in this place.
 B = Non-inter-level travel time spent in this place.
 C = Inter-level travel time spent in this place.
 D = Time resting spent in this place.
 E = Time spent auto-exploring this place.
 F = Levels seen in this place.
 G = Mean time per level.
                   A        B        C        D        E       F      G
               +--------+--------+--------+--------+--------+-----+--------+
         Total |  14159 |  13686 |    473 |   4843 |   7095 |   9 | 1573.2 |
       Dungeon |  13775 |  13331 |    444 |   4748 |   6861 |   8 | 1721.9 |
        Temple |    383 |    354 |     29 |     95 |    233 |   1 |  383.0 |
               +--------+--------+--------+--------+--------+-----+--------+

Top non-repeatable levels by time:
     D:7: 2392 daAuts
     D:4: 2182 daAuts
     D:5: 2146 daAuts
     D:3: 2087 daAuts
     D:6: 2081 daAuts
     D:2: 1281 daAuts
     D:1: 1195 daAuts
     D:8: 408 daAuts
  Temple: 383 daAuts
